Map: Blackburn LE

Players

HeroMarine - Winner!

  • Race: Terran Terran

SKillous

  • Race: Protoss Protoss

Event: DreamHack SC2 Masters 2021 Winter

VOD

Have the link to the VOD?

Description

Time

  • Played on: Oct. 14, 2021, 3:28 p.m.
  • Length: 22:26

All games in this series

Show
View Real Time Build Order
Export as new Build Order

HeroMarine Terran - Winner!

Build Orders:  

Get SALT Encoding   

  12  0:00  SCV  
  13  0:12  SCV  
  14  0:17  Supply Depot  
  14  0:24  SCV  
  15  0:38  SCV  
  15  0:39  Barracks  
  16  0:43  Refinery  
  16  0:50  SCV  
  17  1:02  SCV  
  18  1:15  SCV  
  19  1:26  Marine  
  19  1:27  Orbital Command  
  20  1:44  Barracks Reactor  
  20  1:46  Command Center  
  20  1:52  SCV  
  21  1:58  Supply Depot  
  21  2:04  SCV  
  22  2:10  Factory  
  22  2:16  SCV  
  22  2:21  Refinery, Marine  
  24  2:23  Marine  
  24  2:28  SCV  
  26  2:38  Marine  
  26  2:40  SCV, Marine  
  29  2:52  SCV  
  29  2:53  Starport  
  29  2:58  Hellion  
  32  3:00  Orbital Command  
  32  3:04  SCV  
  33  3:09  Marine x2  
  35  3:17  SCV  
  38  3:20  Factory Tech Lab  
  38  3:25  Supply Depot  
  38  3:26  SCV  
  38  3:27  Marine x2  
  37  3:29  SCV  
  37  3:34  Medivac  
  42  3:38  SCV  
  42  3:41  SCV  
  44  3:47  Cyclone  
  47  3:48  Supply Depot  
  47  3:50  SCV  
  47  3:53  SCV, Marine  
  47  3:54  Marine  
  51  4:02  SCV  
  51  4:04  Viking  
  54  4:10  Supply Depot, SCV  
  54  4:12  Marine x2  
  58  4:19  Siege Tank  
  58  4:24  Supply Depot  
  60  4:25  SCV x2  
  62  4:31  Marine x2  
  62  4:33  Viking  
  62  4:37  SCV x2  
  66  4:49  SCV x2, Marine x2  
  73  4:57  Command Center  
  73  5:00  Cyclone  
  73  5:01  SCV x2  
  75  5:07  Marine x2  
  75  5:12  Starport Tech Lab  
  75  5:13  SCV  
  78  5:17  Barracks  
  78  5:18  SCV  
  78  5:19  Refinery, Barracks  
  78  5:20  Engineering Bay  
  79  5:25  Marine x2  
  77  5:29  SCV  
  77  5:30  SCV  
  77  5:33  Raven  
  81  5:35  Supply Depot  
  81  5:36  Refinery  
  81  5:39  Siege Tank  
  81  5:41  SCV  
  85  5:47  Marine  
  86  5:53  SCV x2  
  81  6:04  Marine  
  74  6:05  Barracks Tech Lab  
  74  6:08  Terran Infantry Weapons Level 1  
  74  6:09  SCV x2, Barracks  
  74  6:10  Barracks  
  77  6:16  Marine  
  78  6:20  Siege Tank  
  78  6:23  SCV x2  
  78  6:24  Stimpack, Orbital Command  
  82  6:30  Missile Turret  
  82  6:31  Marine x2  
  82  6:32  Marine  
  85  6:35  SCV  
  85  6:38  SCV  
  85  6:39  Marine  
  88  6:41  Starport Reactor  
  85  6:47  SCV  
  85  6:48  Missile Turret, Marine  
  85  6:49  Marine  
  85  6:50  Combat Shield, Marine  
  85  6:57  Marine  
  85  6:58  Siege Tank  
  85  7:00  SCV x2  
  89  7:06  Marine x2  
  89  7:08  Marine  
  91  7:09  Barracks Reactor, Barracks Tech Lab  
  91  7:12  SCV x2  
  91  7:13  Missile Turret  
  91  7:14  Marine  
  92  7:16  Orbital Command  
  92  7:19  Medivac  
  92  7:20  Medivac  
  96  7:24  Marine x2  
  96  7:26  SCV x2, Marine  
  96  7:29  Missile Turret  
  101  7:30  Refinery  
  101  7:31  Siege Tank  
  101  7:36  Refinery  
  104  7:37  Missile Turret, Marine x2  
  104  7:38  SCV x2  
  108  7:44  Supply Depot, SCV  
  108  7:45  Supply Depot  
  108  7:47  Marine x2  
  108  7:50  Concussive Shells, SCV  
  108  7:51  SCV, Medivac  
  110  7:54  Medivac  
  110  7:57  Marauder  
  116  8:00  SCV  
  117  8:06  Marauder x2, Supply Depot, Marine x2  
  117  8:07  Supply Depot, Marine  
  117  8:09  SCV x2  
  117  8:12  SCV, Marine  
  126  8:18  Siege Tank  
  126  8:19  Marauder  
  132  8:28  Viking x2  
  132  8:31  Supply Depot  
  136  8:34  Supply Depot  
  136  8:35  Marauder x2  
  136  8:36  Terran Infantry Armor Level 1  
  136  8:38  Marine x2  
  136  8:40  Marine  
  136  8:41  Marine  
  144  8:50  Siege Tank  
  144  8:51  Bunker  
  144  8:53  Supply Depot  
  149  9:01  Viking x2  
  150  9:06  Starport, Marine x3  
  150  9:07  Starport, Marine  
  150  9:09  Marine  
  155  9:20  Command Center  
  154  9:31  Viking x2  
  154  9:33  Marauder x2, Marine  
  163  9:42  Starport Reactor  
  163  9:44  Ghost Academy, Starport Reactor  
  163  9:45  Marine x2  
  152  10:01  Viking x2, Marine x2  
  152  10:02  Armory  
  165  10:07  SCV x3  
  165  10:09  Supply Depot  
  165  10:11  Supply Depot  
  167  10:18  Viking x2  
  167  10:20  Ghost x3  
  171  10:22  SCV  
  171  10:23  SCV  
  171  10:26  Refinery  
  173  10:29  Refinery  
  173  10:31  SCV, Viking x2  
  178  10:37  Viking x2  
  180  10:48  Viking x2  
  180  10:49  Marauder, Marine x2  
  190  10:50  Marauder  
  190  11:01  Viking x2  
  192  11:07  Viking x2  
  196  11:18  Medivac x2  
  195  11:23  Orbital Command  
  181  11:27  Marine x3  
  181  11:28  Marine  
  181  11:30  SCV x3  
  181  11:31  Medivac x2  
  181  11:32  Marine  
  182  11:36  Terran Ship Weapons Level 1  
  182  11:38  Viking x2  
  182  11:39  Marine x2  
  188  11:40  Armory  
  188  11:42  SCV x3  
  191  11:53  Missile Turret, Viking x2  
  191  11:54  Missile Turret x2, SCV x2  
  184  12:02  Viking  
  184  12:03  Viking  
  184  12:06  Marine  
  184  12:08  Marine x2  
  183  12:10  Viking x2  
  183  12:13  Missile Turret  
  183  12:14  Missile Turret  
  182  12:23  Viking x2  
  182  12:28  Missile Turret  
  185  12:32  Viking  
  185  12:33  Viking  
  187  12:40  Viking  
  187  12:42  Marine x2  
  172  12:44  Viking  
  172  12:45  Marine x2  
  172  12:46  Marine x2  
  172  12:47  Marine  
  175  12:51  Starport  
  175  12:52  Starport  
  175  12:53  Viking x2, Command Center  
  178  13:02  Viking x2  
  182  13:10  Viking  
  183  13:14  Viking  
  185  13:23  Viking x2  
  189  13:32  Medivac x2  
  184  13:35  Marauder  
  184  13:36  Marauder  
  184  13:39  Marauder  
  184  13:40  Medivac, Marine x2  
  173  13:42  Marine x2  
  173  13:44  Medivac  
  177  13:52  Missile Turret, Viking  
  177  13:53  Viking  
  181  13:56  Marine, Ghost  
  181  13:57  Marine  
  181  13:58  Marine  
  181  13:59  Marine x2  
  181  14:00  Marine  
  181  14:02  Medivac x2  
  191  14:10  Medivac  
  191  14:14  Medivac, Marine  
  191  14:15  Marine x2  
  198  14:17  Marine  
  198  14:20  Sensor Tower, Starport Reactor x2  
  198  14:23  Missile Turret  
  199  14:25  Marine  
  200  14:32  Refinery x2  
  200  14:38  Terran Ship Weapons Level 2  
  200  14:39  Terran Vehicle And Ship Armor Level 1  
  200  14:40  Missile Turret  
  196  14:46  Missile Turret  
  160  15:00  Viking x7  
  160  15:01  Marine, Viking x2, Ghost x2  
  160  15:02  Ghost, Marine x3  
  185  15:07  Viking  
  185  15:08  Orbital Command  
  187  15:19  Marine x2  
  187  15:20  Marine  
  190  15:23  Marine  
  191  15:29  Ghost  
  191  15:30  Viking, Marine  
  191  15:35  Viking x2  
  200  15:52  Nuke  
  200  15:59  Missile Turret x2  
  200  16:02  Missile Turret  
  198  16:09  Marauder x2, Marine x2  
  198  16:10  Marauder, Marine x2  
  196  16:12  Viking x2  
  196  16:13  Viking  
  188  16:31  Viking x5  
  188  16:32  Viking x2  
  189  16:33  SCV  
  189  16:35  Enhanced Shockwaves  
  190  16:42  Ghost Academy, Terran Vehicle And Ship Armor Level 2, Viking x3  
  196  16:53  Ghost  
  198  16:54  Missile Turret  
  198  16:56  Missile Turret  
  198  17:00  Fusion Core  
  198  17:01  Viking  
  198  17:38  Viking  
  198  17:39  Terran Ship Weapons Level 3  
  200  17:49  Hi-Sec Auto Tracking  
  198  17:52  Missile Turret x2  
  198  17:53  Advanced Ballistics, Missile Turret x2, Engineering Bay  
  192  18:11  Liberator x4  
  197  18:13  Liberator x2  
  197  18:16  Liberator  
  199  18:22  Missile Turret, Marine  
  199  18:23  Missile Turret  
  193  18:27  Marine  
  193  18:31  Viking x2  
  193  18:32  Viking  
  191  18:46  Terran Infantry Weapons Level 2  
  190  18:49  Supply Depot x2  
  190  18:51  Supply Depot  
  163  19:06  Marine  
  163  19:07  Marine x4  
  163  19:08  Viking  
  163  19:09  Liberator, Viking  
  148  19:10  Liberator x2, Viking x2  
  148  19:11  Liberator x2  
  148  19:15  Viking  
  148  19:16  Marine x2  
  149  19:24  Marine  
  134  19:26  Marauder  
  133  19:34  Marauder x2  
  137  19:42  Marine x2, Orbital Command  
  137  19:43  Viking x2  
  143  19:45  Liberator  
  143  19:48  Marine  
  143  19:49  Missile Turret  
  143  19:51  Marine  
  143  19:52  Marine  
  149  19:55  Marine x2  
  149  19:56  Orbital Command  
  151  20:00  Refinery x2, Marine x2  
  151  20:06  Viking, Marine  
  152  20:16  Marine  
  152  20:17  Marine  
  152  20:19  Marine x3  
  152  20:21  Viking x2  
  159  20:29  Marine  
  159  20:31  Viking x2  
  164  20:36  Ghost  
  164  20:37  Marine  
  164  20:38  Marine  
  164  20:40  Marine x2  
  170  20:49  Refinery x2  
  170  20:53  Ghost  
  172  21:00  Supply Depot, Ghost  
  172  21:01  Marine x2  
  172  21:03  Supply Depot  
  176  21:14  Marauder  
  176  21:15  Marine x2  
  180  21:22  Marauder, Viking x2, Marine x2  
  180  21:25  Viking x2  
  192  21:31  Viking  
  190  21:51  Marine x3  
  189  22:05  Supply Depot  
Show
View Real Time Build Order
Export as new Build Order

SKillous Protoss 

Build Orders: 1 Gate Expand, Phoenix Opening, Carriers, Colossus Rush 

Get SALT Encoding   

  12  0:00  Probe  
  13  0:12  Probe  
  14  0:18  Pylon  
  14  0:24  Probe (Chrono Boost)  
  15  0:37  Gateway, Probe (Chrono Boost)  
  16  0:45  Probe (Chrono Boost)  
  16  0:46  Assimilator  
  17  0:51  Probe  
  18  1:03  Probe  
  19  1:15  Probe  
  20  1:24  Cybernetics Core  
  20  1:34  Nexus  
  20  1:42  Pylon  
  20  1:46  Probe  
  21  1:52  Assimilator  
  21  1:58  Adept (Chrono Boost), Probe (Chrono Boost)  
  24  2:10  Probe (Chrono Boost)  
  25  2:17  Stargate  
  25  2:19  Probe (Chrono Boost)  
  26  2:25  Adept  
  26  2:27  Probe  
  29  2:31  Warp Gate  
  29  2:42  Probe (Chrono Boost)  
  30  2:46  Probe (Chrono Boost)  
  31  2:55  Adept, Probe (Chrono Boost)  
  31  2:56  Probe (Chrono Boost)  
  35  3:00  Phoenix (Chrono Boost)  
  35  3:04  Probe  
  38  3:06  Probe  
  39  3:13  Pylon  
  39  3:17  Probe  
  38  3:20  Probe  
  38  3:21  Phoenix (Chrono Boost)  
  38  3:26  Shield Battery  
  41  3:30  Probe  
  41  3:33  Probe  
  43  3:40  Phoenix  
  45  3:42  Probe  
  45  3:45  Probe  
  47  3:53  Assimilator  
  47  3:54  Assimilator, Probe (Chrono Boost)  
  48  3:58  Robotics Facility  
  48  3:59  Probe (Chrono Boost)  
  49  4:04  Pylon  
  49  4:06  Probe (Chrono Boost)  
  49  4:07  Phoenix  
  53  4:14  Probe (Chrono Boost)  
  53  4:15  Probe (Chrono Boost)  
  53  4:17  Pylon  
  54  4:21  Probe  
  54  4:22  Probe  
  56  4:24  Gateway  
  56  4:32  Phoenix  
  58  4:47  Observer (Chrono Boost)  
  58  4:49  Robotics Bay, Probe  
  58  4:50  Probe  
  61  4:57  Nexus  
  61  4:58  Pylon  
  61  5:04  Immortal (Chrono Boost)  
  65  5:10  Adept  
  65  5:11  Probe x2  
  69  5:16  Pylon  
  69  5:22  Phoenix  
  71  5:29  Adept  
  71  5:30  Adept  
  75  5:38  Colossus  
  75  5:40  Probe, Pylon  
  76  5:58  Phoenix  
  76  6:03  Adept x2  
  74  6:09  Probe (Chrono Boost)  
  74  6:10  Probe (Chrono Boost)  
  74  6:11  Probe (Chrono Boost)  
  79  6:18  Probe (Chrono Boost)  
  79  6:21  Probe (Chrono Boost), Pylon  
  79  6:22  Probe (Chrono Boost)  
  79  6:23  Adept x2, Phoenix  
  87  6:28  Probe (Chrono Boost)  
  87  6:30  Probe (Chrono Boost)  
  89  6:35  Colossus, Probe (Chrono Boost)  
  89  6:38  Probe (Chrono Boost)  
  96  6:41  Assimilator  
  96  6:42  Assimilator  
  96  6:44  Probe  
  96  6:46  Probe  
  98  6:47  Pylon  
  98  6:48  Protoss Air Weapons Level 1, Phoenix  
  98  6:49  Probe  
  101  6:56  Probe  
  101  6:59  Probe  
  103  7:06  Probe  
  103  7:08  Probe  
  103  7:10  Stargate  
  103  7:11  Probe  
  103  7:13  Phoenix, Shield Battery  
  103  7:14  Forge  
  106  7:15  Pylon  
  106  7:18  Fleet Beacon  
  106  7:20  Probe  
  107  7:24  Pylon  
  106  7:31  Colossus  
  106  7:34  Sentry  
  106  7:36  Pylon  
  114  7:44  Pylon  
  114  7:50  Photon Cannon  
  114  7:52  Photon Cannon  
  114  7:58  Pylon  
  114  8:00  Tempest x2 (Chrono Boost)  
  114  8:01  Extended Thermal Lance  
  124  8:06  Pylon  
  124  8:08  Photon Cannon  
  124  8:17  Stargate  
  122  8:22  Photon Cannon  
  122  8:23  Colossus (Chrono Boost)  
  122  8:24  Photon Cannon  
  122  8:25  Shield Battery  
  128  8:27  Photon Cannon  
  128  8:33  Shield Battery  
  128  8:36  Tempest (Chrono Boost)  
  128  8:39  Photon Cannon  
  138  8:51  Tempest (Chrono Boost)  
  138  9:01  Probe  
  143  9:06  Tempest (Chrono Boost)  
  143  9:15  Nexus  
  143  9:17  Pylon  
  141  9:22  Protoss Air Weapons Level 2 (Chrono Boost)  
  144  9:26  Pylon, Shield Battery  
  144  9:31  Carrier x2 (Chrono Boost)  
  139  9:42  Shield Battery  
  139  9:43  Shield Battery  
  151  9:46  Photon Cannon  
  151  9:47  Photon Cannon  
  151  9:48  Pylon  
  144  9:53  Carrier (Chrono Boost)  
  144  9:56  Probe x2  
  144  9:57  Probe  
  152  10:07  Photon Cannon  
  152  10:08  Probe  
  152  10:11  Probe, Pylon x2  
  154  10:21  Anion Pulse-Crystals  
  154  10:23  Pylon  
  154  10:25  Carrier (Chrono Boost), Shield Battery  
  154  10:27  Shield Battery  
  160  10:29  Probe x2  
  160  10:35  Colossus  
  166  10:46  Carrier (Chrono Boost), Shield Battery  
  172  11:01  Nexus  
  170  11:14  Photon Cannon  
  170  11:16  Shield Battery  
  170  11:18  Stargate  
  168  11:30  Carrier (Chrono Boost)  
  174  11:35  Stargate  
  174  11:48  Nexus  
  174  11:52  Protoss Air Weapons Level 3 (Chrono Boost)  
  174  11:54  Carrier (Chrono Boost)  
  171  12:17  Shield Battery  
  171  12:18  Shield Battery  
  171  12:19  Shield Battery  
  171  12:21  Assimilator  
  171  12:22  Assimilator  
  183  12:31  Carrier (Chrono Boost)  
  183  12:36  Pylon  
  183  12:42  Disruptor  
  180  13:01  Phoenix (Chrono Boost)  
  180  13:07  Carrier (Chrono Boost)  
  180  13:16  Sentry  
  188  13:27  Phoenix (Chrono Boost)  
  188  13:28  Carrier (Chrono Boost)  
  179  13:35  Pylon  
  179  13:41  Assimilator  
  181  13:51  Stargate  
  181  13:52  Phoenix (Chrono Boost)  
  181  13:56  Photon Cannon  
  181  13:58  Photon Cannon  
  181  14:02  Photon Cannon, Phoenix (Chrono Boost)  
  172  14:12  Phoenix (Chrono Boost)  
  172  14:14  Stargate  
  174  14:20  Phoenix (Chrono Boost)  
  174  14:22  Protoss Air Armor Level 1 (Chrono Boost)  
  174  14:23  Phoenix (Chrono Boost)  
  174  14:24  Photon Cannon, Void Ray (Chrono Boost)  
  176  14:25  Photon Cannon  
  180  14:33  Photon Cannon  
  180  14:34  Observer  
  183  14:42  Phoenix (Chrono Boost)  
  179  14:46  Phoenix (Chrono Boost)  
  179  14:47  Phoenix (Chrono Boost)  
  167  14:57  Phoenix, Disruptor  
  167  14:58  Phoenix  
  170  15:17  Carrier (Chrono Boost)  
  182  15:29  Carrier (Chrono Boost)  
  188  15:45  Disruptor  
  197  16:00  Carrier (Chrono Boost)  
  193  16:15  Carrier (Chrono Boost)  
  193  16:16  Stargate  
  196  16:29  Carrier (Chrono Boost)  
  196  16:32  Phoenix (Chrono Boost)  
  197  16:33  Protoss Air Armor Level 2 (Chrono Boost)  
  197  16:49  Nexus  
  197  16:50  Pylon  
  197  16:58  Observer  
  197  17:00  Phoenix (Chrono Boost)  
  200  17:20  Assimilator  
  200  17:24  Assimilator  
  200  17:27  Pylon  
  200  17:34  Carrier  
  200  17:40  Photon Cannon  
  200  17:41  Shield Battery  
  200  17:45  Photon Cannon  
  198  17:55  Pylon  
  192  18:08  Carrier  
  198  18:13  Phoenix  
  194  18:28  Phoenix  
  194  18:32  Phoenix  
  198  18:38  Phoenix  
  198  18:58  Phoenix (Chrono Boost)  
  156  19:11  Phoenix x2 (Chrono Boost)  
  156  19:12  Phoenix (Chrono Boost)  
  156  19:13  Phoenix (Chrono Boost)  
  94  19:25  Phoenix (Chrono Boost)  
  94  19:29  Phoenix x2 (Chrono Boost)  
  93  19:36  Disruptor (Chrono Boost)  
  93  19:37  Phoenix (Chrono Boost)  
  86  19:39  Phoenix (Chrono Boost)  
  88  19:46  Phoenix (Chrono Boost)  
  88  19:50  Carrier (Chrono Boost)  
  88  19:52  Phoenix (Chrono Boost)  
  102  20:00  Carrier x2 (Chrono Boost)  
  104  20:18  Carrier (Chrono Boost)  
  107  20:34  Phoenix (Chrono Boost)  
  107  20:38  Carrier (Chrono Boost)  
  113  21:03  Carrier (Chrono Boost)  
  119  21:12  Zealot  
  121  21:18  Nexus  

Tags
 
Add a new tag
Caveats
  • Supply blocks, unpowered buildings, or Contaminate may cause inaccurate times.
  • Supply counts are checked every 10 seconds.